 Dungeon Crawl Stone Soup version 0.24.0-123-gd5b16e6ec5 (webtiles) character file.

Game seed: 9665693216765408952, levelgen mode: deterministic

18 Chiseanne the Grasshopper (level 2, 0/22 HPs)
             Began as a Demonspawn Warper on Jan 10, 2020.
             Slain by a leopard gecko (3 damage)
             ... on level 1 of the Dungeon.
             The game lasted 00:00:33 (327 turns).

Chiseanne the Grasshopper (Demonspawn Warper)        Turns: 327, Time: 00:00:33

Health: 0/22       AC:  3    Str: 11    XL:     2   Next: 51%
Magic:  5/5        EV: 12    Int: 14    God:
Gold:   15         SH:  0    Dex: 12    Spells: 5/5 levels left

rFire    . . .     SeeInvis .   a - +0 falchion
rCold    . . .     Gourm    .   (no shield)
rNeg     . . .     Faith    .   b - +0 leather armour
rPois    .         Spirit   .   (no helmet)
rElec    .         Reflect  .   (no cloak)
rCorr    .         Harm     .   (no gloves)
MR       .....                  (no boots)
Stlth    ++........             (no amulet)
HPRegen  0.07/turn              (no ring)
MPRegen  0.09/turn              (no ring)

@: no status effects
A: nightstalker 1
a: no special abilities


You were on level 1 of the Dungeon.
You were not hungry.

You visited 1 branch of the dungeon, and saw 1 of its levels.

You collected 15 gold pieces.

Inventory:

Hand Weapons
 a - a +0 falchion (weapon)
Missiles
 e - 5 boomerangs of dispersal (quivered)
 g - 40 stones
Armour
 b - a +0 leather armour (worn)
Scrolls
 d - a scroll of blinking
 i - a scroll of identify {unknown}
 k - a scroll of random uselessness {unknown}
Potions
 c - a potion of brilliance {unknown}
 h - a potion of might {unknown}
 j - a potion of mutation {unknown}
Comestibles
 f - a ration


   Skills:
 * Level 2.3 Fighting
 * Level 2.1 Long Blades
 - Level 0.8 Throwing
 - Level 0.8 Armour
 * Level 2.0 Dodging
 * Level 0.2 Stealth
 * Level 2.2 Spellcasting
   Level 2.6 Translocations


You had 5 spell levels left.
You didn't know any spells.
Your spell library contained the following spells:

 Spells                   Type           Power        Failure   Level  Hunger
 Blink                    Tloc           N/A          16%         2    ###....
 Shroud of Golubria       Chrm/Tloc      #.....       26%         2    ###....
 Gell's Gravitas          Tloc           #.........   30%         3    ###....
 Lesser Beckoning         Tloc           #.........   30%         3    ###....
 Teleport Other           Tloc           #.......     30%         3    ###....
 Passage of Golubria      Tloc           N/A          69%         4    #####..


Dungeon Overview and Level Annotations

Branches:
Dungeon (1/15)

Altars:


Innate Abilities, Weirdness & Mutations

You are slightly more attuned to the shadows.


Message History

The slug dart hits you.
* * * LOW HITPOINT WARNING * * *
The leopard gecko barely misses you.
You riposte.
You barely miss the leopard gecko. You hit the dart slug.
The dart slug is almost dead.
The leopard gecko bites you but does no damage.
The dart slug barely misses you.
You hit the dart slug.
You kill the dart slug!
The leopard gecko misses you.
The leopard gecko bites you but does no damage.
You hit the leopard gecko.
The leopard gecko is moderately wounded.
The leopard gecko bites you.
* * * LOW HITPOINT WARNING * * *
You barely miss the leopard gecko.
The leopard gecko is moderately wounded.
The leopard gecko bites you.
You die...

##### #.....# #....
#.....# #.... #.....#
#.... #.....# #....
##.....# #.... +.)..l.#
#....
#....@############....
.......................
#####.#####............
##.#####.........###
.....†...........+.#
##.#####.........#.#
#.#####............
...........)).....
######............


You could see a leopard gecko.

Vanquished Creatures
  2 dart slugs (D:1)
  A giant cockroach (D:1)
  A goblin (D:1)
  4 kobolds (D:1)
  A ball python (D:1)
  5 bats (D:1)
  A rat (D:1)
15 creatures vanquished.

Notes
Turn   | Place    | Note
-------+----------+-------------------------------------------
     0 | D:1      | Chiseanne the Demonspawn Warper began the quest for the
                  | Orb.
     0 | D:1      | Reached XP level 1. HP: 16/16 MP: 3/3
    83 | D:1      | Gained mutation: You are slightly more attuned to the
                  | shadows. [demonic ancestry]
    83 | D:1      | Reached XP level 2. HP: 18/22 MP: 5/5
   327 | D:1      | Slain by a leopard gecko

Levels and vault maps discovered:
D:1:      minmay_arrival_jagged, layout_basic

Skill      XL: |  1 |
---------------+----+-----
Long Blades    | 2 |  2.1
Dodging        | 2 |  2.0
Fighting       | |  2.3
Throwing       | |  0.8
Armour         | |  0.8
Stealth        | |  0.2
Spellcasting   | |  2.2
Translocations | |  2.6

Action                   || total
-------------------------++-------
Melee: Falchion          ||    43
Armor: Leather armour    ||    18
Dodge: Dodged            ||    46
       Rpst.: Falchion   ||    11
